 Dungeon Crawl Stone Soup version 0.28-a0-1038-g9c4cb8273d (webtiles) character file.

Game seed: 17122181129706240821

40 miscthings the Slasher (level 3, 0/29 HPs)
             Began as a Barachi Monk on Dec 8, 2021.
             Succumbed to an adder's poison
             ... on level 2 of the Dungeon.
             The game lasted 00:01:31 (1397 turns).

miscthings the Slasher (Barachi Monk)               Turns: 1397, Time: 00:01:32

Health: 0/29       AC:  3    Str: 14    XL:     3   Next: 50%
Magic:  3/3        EV: 12    Int: 10    God:
Gold:   23         SH:  0    Dex: 14    Spells: 2/2 levels left

rFire   . . .      SeeInvis .   a - +0 falchion
rCold   . . .      Faith    .   (no shield)
rNeg    . . .      Spirit   .   d - +0 leather armour
rPois   .          Reflect  .   (no helmet)
rElec   .          Harm     .   (no cloak)
rCorr   .          Rampage  .   (no gloves)
Will    .....                   (no boots)
Stlth   ++........              (no amulet)
HPRegen 0.09/turn               (no ring)
MPRegen 0.08/turn               (no ring)

@: lethally poisoned (0 -> -5), slow
A: amphibious, slowness 1, strong legs 1, +LOS
a: Hop


You were on level 2 of the Dungeon.
You visited 1 branch of the dungeon, and saw 2 of its levels.

You collected 23 gold pieces.

Inventory:

Hand Weapons
 a - a +0 falchion (weapon)
Armour
 d - a +0 leather armour (worn)
Scrolls
 e - a scroll of identify {unknown}
Potions
 b - a potion of resistance {unknown}
 c - a potion of magic {unknown}
 f - 3 potions of attraction {unknown}


   Skills:
 - Level 3.6 Fighting
 + Level 5.4 Long Blades
 - Level 3.2 Dodging
 - Level 1.7 Stealth


You had 2 spell levels left.
You didn't know any spells.
Your spell library was empty.

Dungeon Overview and Level Annotations

Branches:
Dungeon (2/15)

Altars:


Innate Abilities, Weirdness & Mutations

You are amphibious.
You cover ground slowly.
You can hop short distances.
You have an extended range of vision and can be seen from far away.


Message History

You closely miss the adder.
The adder is lightly wounded.
You feel sick. The adder barely misses you.
You closely miss the adder.
The adder is lightly wounded.
You feel sick. The adder bites you.
You are more poisoned.
The adder poisons you!
You barely miss the adder.
The adder is lightly wounded.
You feel sick. The adder bites you. The adder barely misses you.
You barely miss the adder.
The adder is lightly wounded.
You feel sick. The adder misses you.
You hit the adder.
The adder is moderately wounded.
You feel sick. The adder closely misses you.
You miss the adder.
The adder is moderately wounded.
You feel sick. The adder completely misses you. The adder barely misses you.
You are too injured to fight recklessly!
You hit the adder.
The adder is severely wounded.
You feel sick. The adder barely misses you.
You hit the adder but do no damage.
The adder is severely wounded.
You feel sick. The adder closely misses you.
You barely miss the adder.
The adder is severely wounded.
You feel sick.
You are no longer poisoned.
The adder bites you.
* * * LOW HITPOINT WARNING * * *
The adder bites you.
* * * LOW HITPOINT WARNING * * *
You are lethally poisoned!
The adder poisons you!
You closely miss the adder.
The adder is severely wounded.
You die...

## .. ## ##.####.
#### ####..##.. ##...
.........########..##
#..##..........###
##.##..########....
#S@...## #####
.........####
########.# ##### ##
..# #PP..###. >.#P
#..P.P..# ..# .
#P.PPP..# ..# .
..#.....PPP ... ..
.._....P... ... P.
P.#.PP.....


You could see an adder.

Vanquished Creatures
  An adder (D:2)
  A worm (D:2)
  3 endoplasms (D:1)
  3 giant cockroaches
  2 goblins (D:1)
  4 hobgoblins
  2 kobolds (D:1)
  3 quokkas (D:1)
  2 bats (D:1)
  3 frilled lizards
  A rat (D:1)
25 creatures vanquished.

Vanquished Creatures (others)
  A plant (D:2)
1 creature vanquished.

Grand Total: 26 creatures vanquished

Notes
Turn   | Place    | Note
-------+----------+-------------------------------------------
     0 | D:1      | miscthings the Barachi Monk began the quest for the Orb.
     0 | D:1      | Reached XP level 1. HP: 18/18 MP: 1/1
   153 | D:1      | Reached skill level 4 in Long Blades
   224 | D:1      | Reached XP level 2. HP: 15/24 MP: 2/2
   995 | D:2      | Found a faded altar of an unknown god.
  1007 | D:2      | Reached skill level 5 in Long Blades
  1007 | D:2      | Reached XP level 3. HP: 17/29 MP: 3/3
  1397 | D:2      | Succumbed to an adder's poison

Illustrated notes

Levels and vault maps discovered:
D:1:      enne_arrival_octagon_isle, layout_basic
D:2:      layout_rooms, shapermc_ecumenical_altar_gd, minivault_11

Skill      XL: |  1  2 |
---------------+-------+-----
Long Blades    | 4 5 |  5.4
Fighting       | |  3.6
Dodging        | |  3.2
Stealth        | |  1.7

Action                   || total
-------------------------++-------
Melee: Falchion          ||   116
 Abil: Hop               ||     2
 Stab: Sleeping          ||     5
Armor: Robe              ||     3
       Leather armour    ||    15
Dodge: Dodged            ||    77

Table legend: (Time is in decaauts)
 A = Elapsed time spent in this place.
 B = Non-inter-level travel time spent in this place.
 C = Inter-level travel time spent in this place.
 D = Time resting spent in this place.
 E = Time spent auto-exploring this place.
 F = Levels seen in this place.
 G = Mean time per level.
                   A        B        C        D        E       F      G
               +--------+--------+--------+--------+--------+-----+--------+
         Total |   1554 |   1546 |      8 |    487 |    751 |   2 |  777.0 |
       Dungeon |   1554 |   1546 |      8 |    487 |    751 |   2 |  777.0 |
               +--------+--------+--------+--------+--------+-----+--------+

Top non-repeatable levels by time:
     D:1: 1095 daAuts
     D:2: 458 daAuts
